 Dungeon Crawl Stone Soup version 0.17.0-56-gd8de76c (webtiles) character file.

10786 ventricule the Grappler (level 11, -9/84 (85) HPs)
             Began as a Ghoul Wanderer on Dec 4, 2015.
             Was a Believer of Ashenzari.
             Mangled by a spiny frog (20 damage)
             ... on level 1 of the Lair of Beasts.
             The game lasted 00:28:30 (12883 turns).

ventricule the Grappler (Ghoul Wanderer)           Turns: 12883, Time: 00:28:31

HP:   -9/84 (85)    AC: 14    Str: 17    XL:     11   Next: 67%
MP:   11/11         EV: 14    Int:  7    God:    Ashenzari [**....]
Gold: 485           SH:  0    Dex: 11    Spells: 0 memorised, 10 levels left

rFire  . . .     SeeInvis +       - Unarmed
rCold  + + .     Clarity  .     C - +4 ring mail {rC+} (curse)
rNeg   + + +     SustAt   .     (no shield)
rPois  ∞         Gourm    .     B - +0 helmet {SInv} (curse)
rElec  .         Spirit   .     (no cloak)
rCorr  .         Warding  .     (no gloves)
rMut   .         Stasis   +     r - +1 pair of boots (curse)
MR     .....                    K - amulet of stasis (curse)
Stlth  +.........               (no ring)
                                I - ring of invisibility (curse)

@: rotting, not resistant to hostile enchantments, very unstealthy
A: rotting body, claws 1, carnivore 3, cold resistance 1, negative energy
resistance 3, slow regeneration 1, torment resistance, unbreathing
a: Scrying, Renounce Religion, Evoke Invisibility


You were on level 1 of the Lair of Beasts.
You worshipped Ashenzari.
Ashenzari was pleased with you.
You were not hungry.

You visited 3 branches of the dungeon, and saw 12 of its levels.

You collected 800 gold pieces.
You spent 315 gold pieces at shops.


Innate Abilities, Weirdness & Mutations

Your body is rotting away.
You thrive on raw meat.
You are immune to poison.
You have sharp fingernails.
You are carnivorous and can eat meat at any time.
Your flesh is cold resistant.
You are immune to negative energy.
You regenerate slowly when monsters are visible.
You are immune to unholy pain and torment.
You can survive without breathing.


   Skills:
 - Level 4.4 Fighting
 + Level 7.9 Crossbows
 - Level 5.3(6.7) Armour
 - Level 6.4(7.9) Dodging
 - Level 13.6 Unarmed Combat
 - Level 1.7(2.8) Evocations


You had 10 spell levels left.
You didn't know any spells.

Inventory:

Hand Weapons
 d - a +0 club
 J - a +1 hand crossbow
Missiles
 g - 10 bolts of flame
 m - 95 bolts
Armour
 c - a +0 robe
 o - a +1 hat
 r - a cursed +1 pair of boots (worn)
 x - a +2 leather armour of positive energy
 B - a cursed +0 helmet of see invisible (worn)
 C - a cursed +4 ring mail of cold resistance (worn)
 M - the +0 pair of boots of the Evil One {rF+ Str+7}

   It affects your strength (+7).
   It protects you from fire.
Jewellery
 I - a cursed ring of invisibility (left claw)
 K - a cursed amulet of stasis (around neck)
Wands
 a - a wand of frost (39)
 i - a wand of cold (8)
 y - a wand of polymorph (14)
 z - a wand of enslavement (7)
 D - a wand of slowing (15)
 H - a wand of paralysis (13)
Scrolls
 b - 4 scrolls of teleportation {@r4}
 f - a scroll of curse armour
 k - a scroll of curse weapon
 p - 4 scrolls of noise {!r}
 t - 2 scrolls of fear
 A - a scroll of identify {@r1}
 F - a scroll of recharging
 G - a scroll of enchant armour
 L - a scroll of immolation {!r}
Potions
 h - a potion of might
 j - 3 potions of lignification
 q - 2 potions of agility
 s - a potion of resistance
 u - a potion of magic
 v - a potion of flight
 w - 2 potions of ambrosia {!q}
 E - a potion of brilliance
Comestibles
 e - 7 meat rations
 n - a royal jelly

Dungeon Overview and Level Annotations

Branches:
Dungeon (10/15)            Temple (1/1) D:5            Lair (1/8) D:8
    Orc: D:9-12

Altars:
Ashenzari
Dithmenos
Elyvilon
Gozag
Qazlal
Trog
Beogh

Shops:
D:7 *   D:8 [

Annotations:
D:4 dvd's ghost, amateur MfGl

..................▒..▒▒....▒▒▒..▒
.▒.........▒▒.▒▒▒▒...▒▒▒.▒▒.▒...▒
..........▒▒▒▒▒ ▒▒Yf▒ ▒▒▒.......
........%.P▒ ▒▒Y.▒▒ ▒........
▒▒▒.......▒▒ ▒P.Y▒ ▒▒........
▒.......▒▒ ▒YP.▒ ▒........▒
▒.......f▒ ▒▒Y..▒▒ ▒........▒
▒▒.......f▒ ▒▒.F.▒.▒▒▒▒.....▒▒▒
▒.....Y..▒▒ ▒▒.n.▒▒▒▒.▒.....▒▒
▒▒.......▒▒▒▒...▒▒▒P▒.......▒
▒▒▒P......▒▒....▒▒ ▒.........▒▒
.▒▒............▒▒ ▒▒..........▒
..............▒▒ ▒▒..........▒▒
............▒▒▒ ▒▒..........▒▒
▒▒▒▒......▒▒▒▒▒ ▒...........▒
▒▒▒▒.....▒▒▒▒▒.▒▒.........▒▒▒
..▒......▒▒..............▒▒


You could see 5 yaks and a spiny frog.


Message History

The spiny frog stings you but does no damage.
The spiny frog stings you.
* * * LOW HITPOINT WARNING * * *
The spiny frog closely misses you.
Drink which item? (? for menu, Esc to quit)
Okay, then.
You scratch the spiny frog but do no damage.
The spiny frog misses you.
You claw the spiny frog!
The spiny frog is moderately wounded.
You closely miss the spiny frog.
The spiny frog is moderately wounded.
The spiny frog stings you but does no damage.
You closely miss the spiny frog.
The spiny frog is moderately wounded.
The spiny frog stings you!
* * * LOW HITPOINT WARNING * * *
The yak barely misses you.
The yak gores the fungus!
The spiny frog stings you.
* * * LOW HITPOINT WARNING * * *
The yak gores the fungus!
Evoke which item? (* to show all) (? for menu, Esc to quit)
Zapping:
z - a wand of enslavement {zapped: 6} (will waste charges)
Aim: a spiny frog (moderately wounded, chance to defeat MR: 51%)
The spiny frog resists with significant effort.
Evoking this partially-identified wand wasted a few charges.
The spiny frog stings you but does no damage.
The yak gores the fungus.
The spiny frog stings you!!
You die...

Action                   |  1- 3 |  4- 6 |  7- 9 | 10-12 || total
-------------------------+-------+-------+-------+-------++-------
Melee: Unarmed           |   124 |   190 |   404 |   543 ||  1261
 Fire: Hand crossbow     |       |       |       |     3 ||     3
Evoke: Wand              |       |       |     3 |     6 ||     9
  Use: Scroll            |       |       |    24 |     4 ||    28
       Potion            |       |       |       |     1 ||     1
 Stab: Paralysed         |       |       |       |     3 ||     3
  Eat: Chunk             |     5 |    10 |    11 |    14 ||    40
       Royal jelly       |       |       |       |     1 ||     1

Vault maps used:
D:1:      dpeg_arrival_round_b, st_stairs_13, minmay_crystal_room
D:2:      minivault_19
D:3:      first_bread
D:4:      grunt_ministairs_15
D:5:      minmay_temple_entry_glassed_door, serial_undead, serial_undead_a,
          serial_undead_a, serial_undead_d, serial_undead_c, uniq_duvessa
D:7:      serial_shops, nicolae_shop_stone, grunt_qazlal_sundering
D:8:      elyvilon_altar_4, due_lair_maze_entry_diamond, serial_shops,
          nicolae_shop_trees
D:10:     minmay_ornate_pinched, special_room
Temple:   grunt_circular_temple_18
Lair:1:   grunt_forest_small_clearing_treed

Notes
Turn   | Place    | Note
--------------------------------------------------------------
     0 | D:1      | ventricule the Ghoul Wanderer began the quest for the Orb.
     0 | D:1      | ventricule set off with: a wand of frost (15), 2 scrolls of teleportation {@r4}, a +0 robe, a +0 club, a meat ration
     0 | D:1      | Reached XP level 1. HP: 16/16 MP: 1/1
   314 | D:1      | Reached XP level 2. HP: 23/23 MP: 2/2
   448 | D:1      | Reached skill level 3 in Unarmed Combat
   747 | D:1      | Reached XP level 3. HP: 24/28 MP: 3/3
  1477 | D:1      | Reached skill level 4 in Unarmed Combat
  2070 | D:2      | Reached XP level 4. HP: 23/34 MP: 4/4
  2617 | D:2      | Reached skill level 5 in Unarmed Combat
  3370 | D:3      | Reached XP level 5. HP: 40/40 MP: 5/5
  3593 | D:4      | Reached skill level 6 in Unarmed Combat
  3848 | D:4      | Noticed dvd's ghost (amateur MfGl)
  3936 | D:3      | Reached XP level 6. HP: 42/46 MP: 6/6
  4041 | D:4      | Noticed a phantom
  4267 | D:3      | Killed a phantom
  4267 | D:3      | Reached skill level 7 in Unarmed Combat
  4596 | D:4      | Reached skill level 8 in Unarmed Combat
  4596 | D:4      | Reached XP level 7. HP: 40/52 MP: 7/7
  5327 | D:5      | Entered Level 5 of the Dungeon
  5565 | D:5      | Found a staircase to the Ecumenical Temple.
  5580 | Temple   | Entered the Ecumenical Temple
  5589 | Temple   | Became a worshipper of Ashenzari the Shackled
  5685 | D:5      | Reached skill level 2 in Dodging
  5793 | D:5      | Noticed Duvessa
  5794 | D:5      | Noticed Dowan
  5801 | D:5      | Killed Duvessa
  5801 | D:5      | Reached skill level 2 in Fighting
  5804 | D:5      | Killed Dowan
  5804 | D:5      | Reached skill level 9 in Unarmed Combat
  5804 | D:5      | Reached XP level 8. HP: 48/62 MP: 8/8
  5914 | D:5      | Reached skill level 3 in Dodging
  5991 | D:5      | Reached skill level 3 in Fighting
  6750 | D:6      | Reached skill level 4 in Fighting
  6895 | D:6      | Reached skill level 4 in Dodging
  7314 | D:7      | Found a stormy altar of Qazlal.
  7319 | D:7      | Reached * piety under Ashenzari
  7341 | D:7      | Reached skill level 2 in Armour
  7351 | D:7      | Reached XP level 9. HP: 56/72 MP: 9/9
  7358 | D:7      | Reached skill level 10 in Unarmed Combat
  7613 | D:7      | Reached skill level 3 in Armour
  7893 | D:7      | Noticed a hill giant
  7902 | D:7      | Killed a hill giant
  7902 | D:7      | Reached skill level 5 in Dodging
  7917 | D:7      | Found Tarer's Assorted Antiques.
  7922 | D:7      | Bought a cabochon ring for 175 gold pieces
  7922 | D:7      | Bought a scroll of identify for 70 gold pieces
  7922 | D:7      | Bought a scroll of identify for 70 gold pieces
  8055 | D:7      | Noticed an unseen horror
  8078 | D:7      | Killed an unseen horror
  8078 | D:7      | Reached skill level 4 in Armour
  8170 | D:8      | Reached skill level 6 in Dodging
  8211 | D:8      | Found a white marble altar of Elyvilon.
  8397 | D:8      | Noticed a brown ugly thing
  8409 | D:8      | Killed a brown ugly thing
  8409 | D:8      | Reached skill level 5 in Armour
  8409 | D:8      | Reached skill level 11 in Unarmed Combat
  8409 | D:8      | Reached XP level 10. HP: 80/80 MP: 10/10
  8857 | D:8      | Found a staircase to the Lair.
  9105 | D:8      | Reached skill level 12 in Unarmed Combat
  9282 | D:8      | Found Nanah's Armour Boutique.
  9454 | D:9      | Noticed a hill giant
  9467 | D:9      | Killed a hill giant
  9698 | D:9      | Reached skill level 13 in Unarmed Combat
 10133 | D:9      | Reached skill level 2 in Crossbows
 10421 | D:10     | Entered Level 10 of the Dungeon
 10433 | D:10     | Reached ** piety under Ashenzari
 10466 | D:10     | Reached XP level 11. HP: 85/85 MP: 11/11
 10521 | D:10     | Reached skill level 3 in Crossbows
 10525 | D:10     | Noticed a cyclops
 10531 | D:10     | Killed a cyclops
 10531 | D:10     | Reached skill level 4 in Crossbows
 10757 | D:10     | Noticed a cyclops
 10813 | D:9      | HP: 8/85 [centaur (6)]
 11758 | D:10     | Reached skill level 5 in Crossbows
 11868 | D:10     | Found a roughly hewn altar of Beogh.
 11896 | D:10     | Killed a cyclops
 11906 | D:10     | Reached skill level 6 in Crossbows
 12075 | D:10     | Noticed a six-headed hydra
 12196 | Lair:1   | Entered Level 1 of the Lair of Beasts
 12401 | Lair:1   | Reached skill level 7 in Crossbows
 12613 | Lair:1   | Identified the +0 pair of boots of the Evil One {rF+ Str+7}
 12883 | Lair:1   | Mangled by a spiny frog

Vanquished Creatures
  An unseen horror (D:7)
  2 hill giants
  An ugly thing (D:8)
  2 cyclopes (D:10)
  A komodo dragon (Lair:1)
  A shadow (D:10)
  6 yaks (Lair:1)
  A deep elf mage (D:9)
  4 hippogriffs
  A hungry ghost (D:8)
  6 wolves (Lair:1)
  Duvessa (D:5)
  A phantom (D:3)
  A water moccasin (D:9)
  2 sky beasts (D:10)
  6 orc warriors
  A wasp (D:8)
  4 ice beasts
  7 ogres
  2 centaurs
  3 big kobolds
  2 crocodiles
  5 giant frogs
  Dowan (D:5)
  A wyvern zombie (D:10)
  4 scorpions
  6 killer bees
  3 wights (D:9)
  2 crimson imps
  2 quasits
  13 hounds
  A wasp zombie (D:9)
  2 centaur skeletons (D:5)
  6 orc wizards
  2 gnoll shamans
  4 jellies
  An orc priest (D:6)
  4 iguanas
  4 worker ants
  A killer bee zombie (D:4)
  3 hound zombies
  2 hound skeletons
  A worker ant zombie (D:5)
  15 adders
  17 gnolls
  2 shadow imps
  An adder zombie (D:5)
  6 giant geckos
  62 orcs
  10 bats
  7 giant cockroaches
  12 goblins
  13 hobgoblins
  10 jackals
  3 quokkas
  A ball python (D:4)
  A ball python skeleton (D:5)
  A giant cockroach zombie (D:5)
  A giant gecko skeleton (D:5)
  7 giant newts
  2 jackal zombies (D:5)
  21 kobolds
  A quokka skeleton (D:5)
  A quokka zombie (D:6)
  11 rats
329 creatures vanquished.

Vanquished Creatures (others)
  20 fungi (D:8)
  A plant (Lair:1)
21 creatures vanquished.

Grand Total: 350 creatures vanquished
